 Dungeon Crawl Stone Soup version 0.30-a0-374-g95c0257040 (webtiles) character file.

Game seed: 7158381389024272173

163664 NinjaNoafa the Nimble (level 17, -12/135 HPs)
             Began as a Gnoll Monk on Nov 27, 2022.
             Was the Champion of Wu Jian.
             Blown up by an orb spider (44 damage)
             ... with a wavering orb of destruction
             ... on level 2 of the Spider Nest.
             The game lasted 01:33:36 (27640 turns).

NinjaNoafa the Nimble (Gnoll Monk)                 Turns: 27640, Time: 01:33:36

Health: -12/135    AC: 17    Str: 12    XL:     17   Next: 83%
Magic:  12/32      EV: 31    Int: 15    God:    Wu Jian [******]
Gold:   480        SH: 14    Dex: 34    Spells: 7/38 levels left

rFire   + . .      SeeInvis .    Q - +7 falchion (freeze)
rCold   + . .      Faith    +    z - +0 buckler
rNeg    . . .      Spirit   .    U - +5 robe of Jigsaw {Dex+4}
rPois   +          Reflect  .    c - +2 helmet of Parlour Games {rPois rC+}
rElec   .          Harm     .    Z - +1 cloak
rCorr   .          Rampage  .    a - +1 pair of gloves "Coxameg" {rPois rF+ Dex+2}
Will    ++...                    (no boots)
Stlth   ++++......               f - amulet "Uracuse" {Faith Dex+6 Slay+3 Stlth+}
HPRegen 0.42/turn                A - ring of willpower
MPRegen 0.23/turn                S - +6 ring of dexterity

@: brilliant, lethally poisoned (-12 -> -13), in a heavenly storm, flying,
contaminated, glowing
A: fangs 1, strong nose, distributed training, claws 1, hooves 1, iridescent
scales 1, large bone plates 1, camouflage 1, deformed body
a: Renounce Religion, Wall Jump, Serpent's Lash, Heavenly Storm


You were on level 2 of the Spider Nest.
You worshipped Wu Jian.
Wu Jian was exalted by your worship.
You visited 7 branches of the dungeon, and saw 24 of its levels.
You also visited: Sewer, Ossuary, Bailey and Volcano.

You collected 2938 gold pieces.
You spent 2458 gold pieces at shops.

Inventory:

Hand Weapons
 p - a +0 quick blade of flaming
 Q - a +7 falchion of freezing (weapon)
Missiles
 h - 6 silver boomerangs
 r - 36 poisoned darts
 y - 14 boomerangs
 R - 6 javelins
Armour
 a - the +1 pair of gloves "Coxameg" (worn) {rPois rF+ Dex+2}
   (You bought it in a shop on level 2 of the Dungeon)

   Dex:       It affects your dexterity (+2).
   rF:        It protects you from fire.
   rPois:     It protects you from poison.
 c - the +2 helmet of Parlour Games (worn) {rPois rC+}
   (You found it in a volcano)

   rC:        It protects you from cold.
   rPois:     It protects you from poison.
 z - a +0 buckler (worn)
 U - the +5 robe of Jigsaw (worn) {Dex+4}
   (You took it off a necromancer on level 5 of the Lair of Beasts)

   Dex:       It affects your dexterity (+4).
 Z - a +1 cloak (worn)
Jewellery
 f - the amulet "Uracuse" (around neck) {Faith Dex+6 Slay+3 Stlth+}
   (You acquired it on level 1 of the Elven Halls)

   [amulet of faith]

   It allows you to gain divine favour quickly.
   Dex:       It affects your dexterity (+6).
   Slay:      It affects your accuracy & damage with ranged weapons and melee
   (+3).
   Stlth:     It makes you more stealthy.
 n - the ring of the Mage {Wiz Archmagi}
   (You found it on level 1 of the Spider Nest)

   [ring of wizardry]

   It improves your spell success rate.
   Archmagi:  It increases the power of your magical spells.
 A - a ring of willpower (left hand)
 S - a +6 ring of dexterity (right hand)
 W - a ring of resist corrosion
Wands
 x - a wand of flame (13)
 B - a wand of mindburst (15)
 H - a wand of quicksilver (5)
 K - a wand of charming (12)
Scrolls
 d - 4 scrolls of silence {unknown}
 e - 17 scrolls of teleportation
 j - 3 scrolls of noise
 m - 3 scrolls of poison
 q - 2 scrolls of torment {unknown}
 u - 3 scrolls of fog
 w - 3 scrolls of blinking
 D - a scroll of magic mapping
 F - 6 scrolls of immolation {unknown}
 N - 4 scrolls of identify
 P - 2 scrolls of enchant armour {unknown}
 T - a scroll of vulnerability
 X - 2 scrolls of brand weapon {unknown}
Potions
 g - a potion of ambrosia
 i - 7 potions of brilliance
 k - 20 potions of degeneration
 l - 6 potions of flight
 o - 4 potions of resistance
 s - 6 potions of haste
 t - 3 potions of invisibility
 v - a potion of lignification
 E - 2 potions of attraction
 G - a potion of heal wounds
 I - 12 potions of curing
 J - a potion of might
 L - 2 potions of experience
 M - 2 potions of magic
 O - 6 potions of mutation
 V - 2 potions of cancellation
Miscellaneous
 b - a lightning rod (4/4)
 C - a tin of tremorstones (2/2)
 Y - a box of beasts


   Skills:
 + Level 12.8 Fighting
 + Level 11.2 Short Blades
 + Level 12.8 Long Blades
 + Level 11.2 Axes
 + Level 11.2 Maces & Flails
 + Level 11.2 Polearms
 + Level 11.2 Staves
 + Level 11.2 Ranged Weapons
 + Level 11.2 Throwing
 + Level 11.2 Armour
 + Level 12.8 Dodging
 + Level 11.9 Stealth
 + Level 11.2 Shields
 + Level 11.2 Unarmed Combat
 + Level 11.2 Spellcasting
 + Level 9.4 Conjurations
 + Level 9.4 Hexes
 + Level 9.4 Summonings
 + Level 9.4 Necromancy
 + Level 9.4 Translocations
 + Level 9.4 Transmutations
 + Level 9.4 Fire Magic
 + Level 9.4 Ice Magic
 + Level 9.4 Air Magic
 + Level 9.4 Earth Magic
 + Level 9.4 Poison Magic
 + Level 12.1 Invocations
 + Level 11.2 Evocations


You had 7 spell levels left.
You knew the following spells:

 Your Spells              Type           Power      Damage    Failure   Level
a - Fulminant Prism       Conj/Hex       26%        3d14      1%          4
b - Blink                 Tloc           100%       N/A       1%          2
c - Irradiate             Conj/Tmut      26%        3d20      6%          5
d - Mephitic Cloud        Conj/Pois/Air  53%        N/A       1%          3
e - Ignite Poison         Fire/Tmut/Pois 53%        N/A       1%          3
f - Sticky Flame          Conj/Fire      53%        2d7       1%          4
g - Lesser Beckoning      Tloc           100%       N/A       1%          3
h - Searing Ray           Conj           100%       2d8       1%          2
i - Necrotise             Necr           100%       1d9       1%          1
j - Petrify               Tmut/Erth      53%        N/A       1%          4

Your spell library contained the following spells:

 Spells                   Type           Power      Damage    Failure   Level
 Apportation              Tloc           100%       N/A       1%          1
 Foxfire                  Conj/Fire      100%       2x1d9     1%          1
 Magic Dart               Conj           100%       1d8       1%          1
 Summon Small Mammal      Summ           100%       N/A       1%          1
 Call Imp                 Summ           53%        N/A       1%          2
 Momentum Strike          Conj/Tloc      100%       3d10      1%          2
 Sublimation of Blood     Necr           53%        N/A       1%          2
 Dazzling Flash           Conj/Hex       100%       N/A       1%          3
 Animate Armour           Summ/Erth      100%       N/A       1%          4
 Iskenderun's Mystic Bla  Conj/Tloc      53%        2d11      1%          4
 Blade Hands              Tmut           26%        N/A       6%          5
 Fireball                 Conj/Fire      26%        3d12      6%          5
 Summon Forest            Summ/Tloc      26%        N/A       6%          5
 Eringya's Noxious Bog    Tmut/Pois      26%        N/A       32%         6
 Iron Shot                Conj/Erth      26%        9d6       32%         6
 Starburst                Conj/Fire      26%        6d8       32%         6
 Summon Hydra             Summ           26%        N/A       87%         7
 Ignition                 Fire           26%        3d9       100%        8


Dungeon Overview and Level Annotations

Branches:
Dungeon (12/15)            Temple (1/1) D:6            Lair (5/5) D:8
  Swamp (1/4) Lair:3       Spider (2/4) Lair:3        Slime (0/5) Lair:4
    Orc (2/2) D:11            Elf (1/3) Orc:2         Sewer (visited)
Ossuary (visited)          Bailey (visited)         Volcano (visited)

Altars:
Ashenzari
Cheibriados
Dithmenos
Elyvilon
Fedhas
Gozag
Hepliaklqana
Kikubaaqudgha
Makhleb
Nemelex Xobeh
Okawaru
Qazlal
Ru
Sif Muna
Trog
Uskayaw
Vehumet
Wu Jian
Xom
Yredelemnul
Zin
The Shining One

Shops:
D:2 [:   D:12 *:*   Orc:1 [   Orc:2 (==:

Annotations:
D:12 3 runed translucent doors, hito's ghost, journeyman DsRe
Swamp:1 Frances


Innate Abilities, Weirdness & Mutations

You have very sharp teeth.
Your uncanny sense of smell can sniff out nearby items.
Your experience applies equally to all skills.
You have sharp fingernails.
You have large cloven feet.
You are partially covered in iridescent scales. (AC +2)
You are partially covered in large bone plates. (SH +4)
Your skin changes colour to match your surroundings (Stealth+).
Armour fits poorly on your strangely shaped body.


Message History

Aizul casts a spell at you. You resist with almost no effort.
Your body shudders with the violent release of wild energies!
You feel frail.
Casting: Irradiate (dangerous; 6% risk of failure)
Confirm with . or Enter, or press ? or * to list all spells.
You feel a surge of power!
You miscast Irradiate.
Nothing appears to happen.
You feel sick.
You block the demonic crawler's attack. x2
The demonic crawler completely misses you.
Aizul coils herself and waves her upper body at you.
The poison arrow misses you.
The demonic crawler completely misses you.
The demonic crawler misses you. You block the demonic crawler's attack.
You barely miss Aizul.
Aizul is almost dead.
You feel sick. You block Aizul's attack.
You slash the demonic crawler! You freeze the demonic crawler.
You kick the demonic crawler. You bite the demonic crawler.
You kill the demonic crawler!
The Council accepts your kill.
You feel sick.
You hear a faint skittering sound.
Aizul closely misses you. You block the steelbarb worm's attack.
You closely miss Aizul.
Aizul is almost dead.
The redback splashes around in the water.
You block Aizul's attack.
The orb spider weaves a glowing orb of energy.
An orb of destruction comes into view.
You hit Aizul. You freeze Aizul. Your kick misses Aizul.
Aizul is almost dead.
You feel sick.
A demonic crawler comes into view.
Aizul completely misses you. The redback completely misses you.
You block the steelbarb worm's attack.
You slice Aizul!! You freeze Aizul.
You kill Aizul!
The Council accepts your kill.
The wavering orb of destruction hits you!!!
You die...

#... #.....#......^s
....###......(..#...
....s.#......#.... .
......#..=s.#.s#....
#..§§§ss#....#....
....#☼☼☼ss.#.... ...
...^.#ss##§..<..# ..
.....§#§s☼#......
.....s☼@#☼#..#...
#....§w§##§...#..
##...☼s§☼ ......#
##.#≈~#.. .....^
####≈ ^..#..#.. ≈≈
..#....# ≈≈ ...#...!
##. ...###


You could see a steelbarb worm, a demonic crawler, 2 orb spiders, a tarantella
and a redback (summoned).

Vanquished Creatures
  Nikola (Spider:1)
  Aizul (Spider:2)
  An orc warlord (Orc:1)
  A broodmother (Spider:1)
  3 dire elephants (Lair:5)
  Josephine (Lair:4)
  2 entropy weavers (Spider:1)
  5 hydras
  A centaur warrior (D:11)
  An alligator (Lair:3)
  5 two-headed ogres
  A radroach (Spider:1)
  A dancing weapon (Elf:1)
  A tengu warrior (D:11)
  3 boulder beetles
  4 orc high priests (Orc:2)
  A deep elf knight (Orc:2)
  2 steelbarb worms
  A spectral anaconda (Lair:5)
  An obsidian statue (Lair:5)
  An orc knight (Orc:1)
  4 orb spiders (Spider:1)
  A lindwurm (Lair:5)
  A swamp dragon (Lair:3)
  3 necromancers (Lair:5)
  2 manticores
  12 wolf spiders
  3 salamanders (Volcano)
  5 cyclopes
  An ugly thing (D:11)
  3 orc sorcerers
  A dire elephant zombie (Lair:5)
  A torpor snail (Spider:1)
  2 black mambas
  18 elephants
  3 gargoyles
  Maggie (D:8)
  11 cane toads
  7 komodo dragons
  An unseen horror (D:11)
  3 demonic crawlers
  3 rime drakes
  3 kobold demonologists
  The ghost of pokeman the Thaumaturge, a novice DEHW (D:5)
  The ghost of arthad the Slicer, an amateur GnWn of Cheibriados (D:3)
  7 trolls
  3 polar bears
  7 blink frogs
  2 spectral elephants (Lair:5)
  A hornet (D:9)
  A tyrant leech (Swamp:1)
  13 tarantellas
  16 jumping spiders
  Sigmund (D:4)
  4 culicivoras
  5 wyverns
  34 yaks
  2 vampires
  A shadow (D:11)
  7 wraiths
  3 fire bats
  A steam dragon (D:9)
  A basilisk (Lair:5)
  15 redbacks
  5 vampire mosquitoes (D:11)
  4 death yak simulacra (Lair:5)
  2 spectral cane toads (Lair:5)
  7 wargs
  Edmund (D:4)
  9 water moccasins
  24 orc warriors
  3 hell hounds (Volcano)
  2 black bears (D:7)
  5 ogres
  2 sky beasts
  13 wolves
  5 centaurs
  An elephant skeleton (Lair:5)
  3 kobold brigands
  2 gnoll sergeants
  A scorpion (D:5)
  6 bullfrogs
  A necrophage (D:4)
  2 cane toad simulacra (Lair:5)
  7 wights
  9 killer bees
  7 electric eels
  2 howler monkeys
  2 lava snakes (Lair:2)
  5 jellies
  2 gnoll boudas
  28 orc priests
  3 hounds
  Crazy Yiuf (D:2)
  Natasha (thrice) (D:3)
  25 orc wizards
  An iguana (D:6)
  12 mummies (Ossuary)
  34 gnolls
  8 adders
  2 shadow imps
  2 white imps (D:7)
  3 ufetubi (D:5)
  4 worms
  5 dart slugs
  63 orcs
  12 bats
  12 endoplasms
  16 giant cockroaches
  16 goblins
  12 hobgoblins
  6 jackals
  14 kobolds
  14 quokkas
  10 ball pythons
  9 frilled lizards
  A gnoll skeleton (Ossuary)
  2 goblin skeletons (Ossuary)
  3 kobold skeletons (Ossuary)
  2 orc skeletons (Ossuary)
  7 rats
  11 rat skeletons (Ossuary)
  A fulminant prism (Spider:1)
727 creatures vanquished.

Vanquished Creatures (collateral kills)
  A black mamba (Lair:4)
  A water moccasin (Lair:1)
  A bullfrog (Lair:4)
3 creatures vanquished.

Vanquished Creatures (others)
  A warg (Orc:1)
  A lava snake (Lair:2)
  2 orc wizards
  An orc (D:8)
  40 fulminant prisms
  15 fungi
  19 plants
  18 withered plants (Lair:5)
97 creatures vanquished.

Grand Total: 827 creatures vanquished

Notes
Turn   | Place    | Note
-------+----------+-------------------------------------------
     0 | D:1      | NinjaNoafa the Gnoll Monk began the quest for the Orb.
     0 | D:1      | Reached XP level 1. HP: 23/23 MP: 1/1
   105 | D:1      | Reached XP level 2. HP: 21/29 MP: 2/2
   321 | D:1      | Reached XP level 3. HP: 31/35 MP: 3/3
   511 | D:1      | Reached skill level 1 in Invocations
   765 | D:1      | Found a faded altar of an unknown god.
  1041 | D:2      | Found Bisyu's Armour Shop.
  1045 | D:2      | Reached skill level 1 in Short Blades
  1045 | D:2      | Reached skill level 1 in Axes
  1045 | D:2      | Reached skill level 1 in Maces & Flails
  1045 | D:2      | Reached skill level 1 in Polearms
  1045 | D:2      | Reached skill level 1 in Staves
  1045 | D:2      | Reached skill level 1 in Ranged Weapons
  1045 | D:2      | Reached skill level 1 in Throwing
  1045 | D:2      | Reached skill level 1 in Armour
  1045 | D:2      | Reached skill level 1 in Shields
  1045 | D:2      | Reached skill level 1 in Unarmed Combat
  1045 | D:2      | Reached skill level 1 in Spellcasting
  1045 | D:2      | Reached skill level 1 in Evocations
  1209 | D:2      | Found a runed translucent door.
  1210 | D:2      | Noticed Crazy Yiuf
  1364 | D:2      | Reached XP level 4. HP: 19/41 MP: 5/5
  1494 | D:2      | Found Mafu's Book Boutique.
  1976 | D:3      | Reached skill level 1 in Conjurations
  1976 | D:3      | Reached skill level 1 in Hexes
  1976 | D:3      | Reached skill level 1 in Summonings
  1976 | D:3      | Reached skill level 1 in Necromancy
  1976 | D:3      | Reached skill level 1 in Translocations
  1976 | D:3      | Reached skill level 1 in Transmutations
  1976 | D:3      | Reached skill level 1 in Fire Magic
  1976 | D:3      | Reached skill level 1 in Ice Magic
  1976 | D:3      | Reached skill level 1 in Air Magic
  1976 | D:3      | Reached skill level 1 in Earth Magic
  1976 | D:3      | Reached skill level 1 in Poison Magic
  2083 | D:3      | Noticed Natasha
  2094 | D:3      | Killed Natasha
  2095 | D:3      | Identified the +3 helmet of the Orb {-Tele Regen+ Dex+8
                  | Stlth+}
  2223 | D:3      | Reached XP level 5. HP: 47/47 MP: 7/7
  2241 | D:3      | Noticed Natasha
  2250 | D:3      | Killed Natasha
  2325 | D:3      | Found a runed translucent door.
  2331 | D:3      | Noticed arthad's ghost (amateur GnWn)
  2398 | D:3      | You fall into a shaft and drop 2 floors!
  2398 | D:5      | Entered Level 5 of the Dungeon
  2409 | D:4      | Noticed Sigmund
  2516 | D:4      | Gained mutation: You are robust. (+10% HP) [potion of
                  | mutation]
  2516 | D:4      | Gained mutation: You have hidden genetic potential. [potion
                  | of mutation]
  2516 | D:4      | Gained mutation: You are partially covered in iridescent
                  | scales. (AC +2) [potion of mutation]
  2516 | D:4      | Gained mutation: You are partially covered in large bone
                  | plates. (SH +4) [potion of mutation]
  2558 | D:4      | Killed Sigmund
  2559 | D:4      | Reached XP level 6. HP: 58/58 MP: 7/9
  2559 | D:4      | Gained mutation: You have sharp fingernails. [hidden
                  | potential]
  2697 | D:4      | Found a sparkling altar of Nemelex Xobeh.
  2697 | D:4      | Found an ornate altar of the Wu Jian Council.
  2711 | D:4      | Became a worshipper of the Wu Jian Council
  2711 | D:4      | Reached * piety under Wu Jian
  2711 | D:4      | Reached ** piety under Wu Jian
  2735 | D:4      | Found a glowing drain.
  2753 | Sewer    | Entered a sewer
  2995 | Sewer    | Reached XP level 7. HP: 60/66 MP: 10/10
  3081 | D:4      | Noticed Edmund
  3084 | D:4      | Gained mutation: You have large cloven feet. [hidden
                  | potential]
  3084 | D:4      | Lost mutation: You have hidden genetic potential. [hidden
                  | potential expressed]
  3101 | D:3      | Noticed Natasha
  3116 | D:3      | Killed Natasha
  3116 | D:3      | Reached *** piety under Wu Jian
  3185 | D:3      | Reached skill level 5 in Stealth
  3565 | D:2      | Killed Crazy Yiuf
  3725 | D:4      | Killed Edmund
  3964 | D:4      | Reached XP level 8. HP: 70/73 MP: 12/12
  4374 | D:5      | Noticed pokeman's ghost (novice DEHW)
  4389 | D:5      | Found a runed translucent gate.
  4390 | D:5      | Found a runed translucent gate.
  4391 | D:5      | Found a runed translucent gate.
  4907 | D:3      | Killed arthad's ghost
  4908 | D:3      | Reached XP level 9. HP: 73/80 MP: 14/14
  5526 | D:6      | Found a sand-covered staircase.
  5531 | Ossuary  | Entered an ossuary
  5570 | Ossuary  | Reached **** piety under Wu Jian
  5897 | D:6      | Found a staircase to the Ecumenical Temple.
  6043 | Temple   | Entered the Ecumenical Temple
  6718 | D:7      | Found a flagged portal.
  6735 | D:7      | Reached ***** piety under Wu Jian
  6796 | Bailey   | Entered a bailey
  6821 | Bailey   | Reached skill level 5 in Invocations
  7988 | D:8      | Noticed Maggie
  8120 | D:2      | Bought the +1 pair of gloves "Coxameg" {rPois rF+ Dex+2}
                  | for 382 gold pieces
  8248 | D:8      | Reached skill level 5 in Short Blades
  8248 | D:8      | Reached skill level 5 in Axes
  8248 | D:8      | Reached skill level 5 in Maces & Flails
  8248 | D:8      | Reached skill level 5 in Polearms
  8248 | D:8      | Reached skill level 5 in Staves
  8248 | D:8      | Reached skill level 5 in Ranged Weapons
  8248 | D:8      | Reached skill level 5 in Throwing
  8248 | D:8      | Reached skill level 5 in Armour
  8248 | D:8      | Reached skill level 5 in Shields
  8248 | D:8      | Reached skill level 5 in Unarmed Combat
  8248 | D:8      | Reached skill level 5 in Spellcasting
  8248 | D:8      | Reached skill level 5 in Evocations
  8257 | D:8      | Killed Maggie
  8258 | D:8      | Reached XP level 10. HP: 71/90 MP: 17/17
  8588 | D:8      | Found a staircase to the Lair.
  8944 | Lair:1   | Entered Level 1 of the Lair of Beasts
  8949 | Lair:1   | Noticed a cane toad
  8961 | Lair:1   | Killed a cane toad
  8968 | Lair:1   | Noticed an elephant
  8968 | Lair:1   | Noticed an elephant
  8969 | Lair:1   | Noticed an elephant
  8970 | Lair:1   | Noticed an elephant
  8980 | Lair:1   | Acquired 555 gold pieces
  8994 | D:8      | Learned a level 1 spell: Necrotise
  9157 | D:2      | Bought a book of Spatial Translocations for 260 gold pieces
  9161 | D:2      | Learned a level 2 spell: Blink
  9164 | D:2      | Learned a level 2 spell: Momentum Strike
  9319 | D:8      | Killed an elephant
  9341 | D:8      | Killed an elephant
  9345 | D:8      | Killed an elephant
  9357 | D:8      | Killed an elephant
  9398 | Lair:1   | Reached skill level 5 in Conjurations
  9398 | Lair:1   | Reached skill level 5 in Hexes
  9398 | Lair:1   | Reached skill level 5 in Summonings
  9398 | Lair:1   | Reached skill level 5 in Necromancy
  9398 | Lair:1   | Reached skill level 5 in Translocations
  9398 | Lair:1   | Reached skill level 5 in Transmutations
  9398 | Lair:1   | Reached skill level 5 in Fire Magic
  9398 | Lair:1   | Reached skill level 5 in Ice Magic
  9398 | Lair:1   | Reached skill level 5 in Air Magic
  9398 | Lair:1   | Reached skill level 5 in Earth Magic
  9398 | Lair:1   | Reached skill level 5 in Poison Magic
  9450 | Lair:1   | Reached XP level 11. HP: 97/97 MP: 17/20
  9710 | Lair:1   | Learned a level 1 spell: Summon Small Mammal
  9890 | D:2      | Bought a book of Minor Magic for 234 gold pieces
 10031 | Lair:1   | Learned a level 2 spell: Call Imp
 10605 | Lair:2   | Learned a level 3 spell: Mephitic Cloud
 10609 | Lair:2   | Learned a level 3 spell: Ignite Poison
 10614 | Lair:2   | Learned a level 4 spell: Sticky Flame
 10636 | Lair:2   | Found a dark tunnel.
 10647 | Volcano  | Entered a volcano
 10774 | Volcano  | Noticed a salamander
 10774 | Volcano  | Noticed a two-headed ogre
 10796 | Volcano  | Noticed a salamander
 10798 | Volcano  | Noticed a salamander
 10808 | Volcano  | Killed a two-headed ogre
 10809 | Volcano  | Reached XP level 12. HP: 74/106 MP: 11/22
 10902 | Volcano  | Learned a level 3 spell: Lesser Beckoning
 11045 | Volcano  | Identified the +2 helmet of Parlour Games {rPois rC+}
 11457 | D:2      | Bought a +1 pair of boots of flying for 198 gold pieces
 12384 | Lair:2   | Identified the +7 quarterstaff of Offence {spect, +Blink
                  | rN+ Int-5}
 12451 | Lair:3   | Noticed a five-headed hydra
 12461 | Lair:3   | Killed a five-headed hydra
 12462 | Lair:3   | Reached skill level 10 in Fighting
 12462 | Lair:3   | Reached skill level 10 in Long Blades
 12462 | Lair:3   | Reached skill level 10 in Dodging
 12700 | Lair:3   | Noticed a four-headed hydra
 12751 | Lair:3   | Killed a four-headed hydra
 13168 | Lair:3   | Found a staircase to the Swamp.
 13301 | Lair:3   | Found a hole to the Spider Nest.
 13747 | Lair:4   | Found a staircase to the Slime Pits.
 13766 | Lair:4   | Noticed a boulder beetle
 13792 | Lair:4   | Killed a boulder beetle
 13811 | Lair:4   | Reached XP level 13. HP: 83/114 MP: 6/25
 13961 | Lair:4   | Found a hide-covered altar of Uskayaw.
 13961 | Lair:4   | Found an ornate altar of the Wu Jian Council.
 14221 | Lair:4   | Noticed Josephine
 14233 | Lair:4   | Killed Josephine
 14988 | Lair:5   | Entered Level 5 of the Lair of Beasts
 15943 | D:2      | Learned a level 2 spell: Blink
 15943 | D:2      | Bought a book of Conjurations for 260 gold pieces
 16115 | D:10     | Entered Level 10 of the Dungeon
 16206 | D:9      | Learned a level 2 spell: Searing Ray
 16640 | D:9      | Learned a level 4 spell: Fulminant Prism
 17869 | D:11     | Reached skill level 10 in Stealth
 18124 | D:11     | Learned a level 4 spell: Petrify
 18227 | D:11     | Identified the +3 rapier "Vasmas" {vorpal, rPois rN+ MP-9
                  | Str+2}
 18237 | D:11     | Found a staircase to the Orcish Mines.
 18274 | D:11     | Reached XP level 14. HP: 84/124 MP: 5/27
 18733 | Orc:1    | Entered Level 1 of the Orcish Mines
 18739 | Orc:1    | Reached skill level 10 in Invocations
 18821 | Orc:2    | Entered Level 2 of the Orcish Mines
 18829 | Orc:2    | Reached ****** piety under Wu Jian
 18932 | Orc:1    | Noticed an orc warlord
 18976 | Orc:1    | Killed an orc warlord
 19405 | Orc:1    | Found Rosutz's Antique Armour Shop.
 19426 | Orc:1    | Bought a glowing cloak for 255 gold pieces
 19426 | Orc:1    | Bought a heavily jewelled robe for 193 gold pieces
 19426 | Orc:1    | Identified the +0 robe of Curiosity {rElec rC- Regen+} (You
                  | bought it in a shop on level 1 of the Orcish Mines)
 20353 | Orc:2    | Gained mutation: Armour fits poorly on your strangely
                  | shaped body. [a neqoxec]
 20570 | Orc:2    | Found Xahiezoy's Book Boutique.
 20570 | Orc:2    | Found Zachog Dioc's Weapon Shop.
 20570 | Orc:2    | Found Redduomeh's Jewellery Shop.
 20697 | Orc:2    | Found Sais Cupn's Jewellery Boutique.
 21018 | Orc:2    | Found a staircase to the Elven Halls.
 21308 | D:12     | Found Kumaozes's Book Shoppe.
 21541 | D:12     | Bought a book of Fire for 510 gold pieces
 21674 | D:12     | Found Riwaus's Assorted Antiques.
 21735 | D:12     | Bought a white potion for 27 gold pieces
 21735 | D:12     | Bought a scroll labelled NETOMU METAFI for 31 gold pieces
 21833 | D:12     | Found Ekkirrut's Assorted Antiques.
 22112 | D:12     | Found a runed translucent gate.
 22112 | D:12     | Found a runed translucent gate.
 22112 | D:12     | Found a runed translucent gate.
 22123 | D:12     | Noticed hito's ghost (journeyman DsRe)
 22458 | D:5      | Killed pokeman's ghost
 22963 | Elf:1    | Entered Level 1 of the Elven Halls
 22964 | Elf:1    | Acquired the amulet "Uracuse" {Faith Dex+6 Slay+3 Stlth+}
 23925 | D:12     | Bought a scroll of amnesia for 108 gold pieces
 24794 | Lair:5   | Noticed a dire elephant
 24795 | Lair:5   | Noticed a dire elephant
 24795 | Lair:5   | Noticed a dire elephant
 24937 | Lair:5   | Reached skill level 10 in Short Blades
 24937 | Lair:5   | Reached skill level 10 in Axes
 24937 | Lair:5   | Reached skill level 10 in Maces & Flails
 24937 | Lair:5   | Reached skill level 10 in Polearms
 24937 | Lair:5   | Reached skill level 10 in Staves
 24937 | Lair:5   | Reached skill level 10 in Ranged Weapons
 24937 | Lair:5   | Reached skill level 10 in Throwing
 24937 | Lair:5   | Reached skill level 10 in Armour
 24937 | Lair:5   | Reached skill level 10 in Shields
 24937 | Lair:5   | Reached skill level 10 in Unarmed Combat
 24937 | Lair:5   | Reached skill level 10 in Spellcasting
 24937 | Lair:5   | Reached skill level 10 in Evocations
 24979 | Lair:5   | Killed a dire elephant
 24983 | Lair:5   | Killed a dire elephant
 24998 | Lair:5   | Killed a dire elephant
 24999 | Lair:5   | Reached XP level 15. HP: 59/132 MP: 29/29
 25235 | Lair:5   | Identified the +1 robe "Ecetast" {rC+ Int+9 Dex-4}
 25285 | Lair:5   | Learned a level 5 spell: Irradiate
 25325 | Lair:5   | Identified the +5 robe of Jigsaw {Dex+4}
 25860 | Swamp:1  | Entered Level 1 of the Swamp
 25919 | Swamp:1  | Noticed Frances
 26103 | Spider:1 | Entered Level 1 of the Spider Nest
 26135 | Spider:1 | Gained mutation: Your skin changes colour to match your
                  | surroundings (Stealth+). [mutagenic glow]
 26468 | Spider:1 | Found the ring of the Mage {Wiz Archmagi}
 26902 | Spider:1 | Noticed Nikola
 26920 | Spider:1 | Killed Nikola
 27616 | Spider:2 | Noticed Aizul
 27618 | Spider:2 | Reached XP level 16. HP: 96/141 MP: 8/30
 27619 | Spider:2 | Reached XP level 17. HP: 95/148 MP: 9/32
 27634 | Spider:2 | Lost mutation: You are robust. (+10% HP) [mutagenic glow]
 27640 | Spider:2 | Killed Aizul
 27640 | Spider:2 | Blown up by an orb spider

Illustrated notes

Levels and vault maps discovered:
D:1:      lightli_arrival_maybe_door_vault, layout_basic,
          dilly_ecumenical_altar_fadedgnrine, minmay_bisected
D:2:      layout_basic, serial_shops, nicolae_lakefront_shop, shop,
          uniq_crazy_yiuf_cottage
D:3:      layout_loops_ring, ebering_ghost_reflecting_pool, uniq_natasha
D:4:      layout_rooms, nicolae_overflow_two_pavilions, portal_sewer_entry_f,
          minmay_between, uniq_edmund, uniq_sigmund
D:5:      layout_cave_pools, gammafunk_ghost_split
D:6:      layout_loops_ring, minmay_temple_entry_statues_pillars,
          enter_ossuary_5
D:7:      layout_basic, enter_bailey_7, hangedman_decor_slide_cut
D:8:      layout_rooms, lair_entry_dummy, uniq_maggie
D:9:      layout_irregular_city
D:10:     layout_basic
D:11:     minmay_chambers_of_sixes, layout_cave_pods,
          minmay_orc_entry_temple_small
D:12:     layout_roguey, serial_shops, shop,
          nicolae_shop_temple_entry_statues_fountains,
          nicolae_shop_window_shopping, ebering_ghost_rock_garden,
          corexii_checkpoint_a
Temple:   nicolae_temple_bog_church
Lair:1:   layout_roguey, minmay_holes, evilmike_ambush
          [evilmike_ambush_outer_doors, evilmike_ambush_inner_basic],
          grunt_megastairs_5, lemuel_fruit_tree
Lair:2:   layout_chaotic_city, nicolae_volcano_entry_two_sided,
          chequers_serial_rivers_room_b, nicolae_lair_liquid_snakes
Lair:3:   layout_misc_corridors, swamp_mist, spider_nest_entry_rubble,
          fungi_pond_lemuel, dreamdust_mushroom_princess,
          cheibrodos_lair_caveside_slide, beast_lair_carwin_5
Lair:4:   layout_regular_city, slime_entry_1, nzn_masters_of_martial_movement,
          uniq_josephine
Lair:5:   due_jungle_book, layout_regular_city, serial_bayou_shore_a,
          grunt_megastairs_3
Swamp:1:  layout_basic_swamp, nicolae_swamp_bean_lake, st_swamp_mini,
          uniq_frances
Spider:1: layout_cave_pods, guppyfry_spider_mini_3, uniq_nikola
Spider:2: layout_spider_delve, ebering_ghost_reflecting_pool,
          nicolae_spider_cling_halls, uniq_aizul
Orc:1:    cheibrodos_orc_guarddog, layout_caves, serial_shops,
          nicolae_shop_waterfront
Orc:2:    st_orc_mages, layout_caves, minmay_orc_keep
Elf:1:    eino_elf_arrival_shootout, layout_geoelf_grid, evilmike_minifort,
          corexii_hall_statues_t, grunt_ministairs_9, amcnicky_mini_pool_small

Skill      XL: |  1  2  3  4  5  6  7  8  9 10 11 12 13 14 15 16 |
---------------+-------------------------------------------------+-----
Invocations    | 1 2 3 4 5 6 7 8 9 10 11 12 | 12.1
Short Blades   | 1 2 3 5 6 7 8 9 10 11 | 11.2
Axes           | 1 2 3 5 6 7 8 9 10 11 | 11.2
Maces & Flails | 1 2 3 5 6 7 8 9 10 11 | 11.2
Polearms       | 1 2 3 5 6 7 8 9 10 11 | 11.2
Staves         | 1 2 3 5 6 7 8 9 10 11 | 11.2
Ranged Weapons | 1 2 3 5 6 7 8 9 10 11 | 11.2
Throwing       | 1 2 3 5 6 7 8 9 10 11 | 11.2
Armour         | 1 2 3 5 6 7 8 9 10 11 | 11.2
Shields        | 1 2 3 5 6 7 8 9 10 11 | 11.2
Unarmed Combat | 1 2 3 5 6 7 8 9 10 11 | 11.2
Spellcasting   | 1 2 3 5 6 7 8 9 10 11 | 11.2
Evocations     | 1 2 3 5 6 7 8 9 10 11 | 11.2
Conjurations   | 1 2 3 4 5 6 7 8 9 |  9.4
Hexes          | 1 2 3 4 5 6 7 8 9 |  9.4
Summonings     | 1 2 3 4 5 6 7 8 9 |  9.4
Necromancy     | 1 2 3 4 5 6 7 8 9 |  9.4
Translocations | 1 2 3 4 5 6 7 8 9 |  9.4
Transmutations | 1 2 3 4 5 6 7 8 9 |  9.4
Fire Magic     | 1 2 3 4 5 6 7 8 9 |  9.4
Ice Magic      | 1 2 3 4 5 6 7 8 9 |  9.4
Air Magic      | 1 2 3 4 5 6 7 8 9 |  9.4
Earth Magic    | 1 2 3 4 5 6 7 8 9 |  9.4
Poison Magic   | 1 2 3 4 5 6 7 8 9 |  9.4
Fighting       | 7 8 9 10 11 12 | 12.8
Long Blades    | 7 8 9 10 11 12 | 12.8
Dodging        | 7 8 9 10 11 12 | 12.8
Stealth        | 5 6 7 8 9 10 11 | 11.9

Action                   |  1- 3 |  4- 6 |  7- 9 | 10-12 | 13-15 | 16-18 || total
-------------------------+-------+-------+-------+-------+-------+-------++-------
Melee: Falchion          |   121 |   259 |   556 |   469 |  1233 |    11 ||  2649
       Bite              |    11 |    17 |    90 |    91 |   187 |     1 ||   397
       Punch             |     2 |     3 |     6 |       |     8 |       ||    19
       Unarmed           |       |     2 |       |       |    31 |       ||    33
       Kick              |       |       |   165 |   133 |    79 |     3 ||   380
       Quick blade       |       |       |       |   109 |    27 |       ||   136
Throw: Boomerang         |       |     1 |       |     4 |       |       ||     5
       Javelin           |       |       |       |       |     2 |       ||     2
 Cast: Momentum Strike   |       |       |       |     4 |       |       ||     4
       Necrotise         |       |       |       |    12 |     4 |       ||    16
       Summon Small Mamm |       |       |       |    15 |     2 |       ||    17
       Call Imp          |       |       |       |     9 |     4 |       ||    13
       Mephitic Cloud    |       |       |       |    10 |    21 |       ||    31
       Ignite Poison     |       |       |       |     7 |    20 |       ||    27
       Lesser Beckoning  |       |       |       |     3 |    11 |       ||    14
       Sticky Flame      |       |       |       |     3 |     9 |       ||    12
       Fulminant Prism   |       |       |       |       |    41 |       ||    41
       Blink             |       |       |       |       |    13 |       ||    13
       Searing Ray       |       |       |       |       |     8 |       ||     8
       Petrify           |       |       |       |       |    15 |     1 ||    16
       Irradiate         |       |       |       |       |    20 |     5 ||    25
Invok: Whirlwind         |       |    44 |    96 |   149 |   268 |     3 ||   560
       Lunge             |       |     5 |    43 |    19 |    63 |       ||   130
       Heavenly Storm    |       |       |       |     1 |     1 |     1 ||     3
       Serpent's Lash    |       |       |       |       |     1 |       ||     1
 Abil: Wall Jump         |       |     8 |    24 |    12 |    36 |       ||    80
Evoke: Tin of tremorston |       |       |       |     1 |     2 |       ||     3
       Wand              |       |       |       |       |    10 |       ||    10
       Lightning rod     |       |       |       |       |     2 |       ||     2
  Use: Potion            |       |     2 |     3 |     3 |    15 |     2 ||    25
       Scroll            |       |       |     1 |    12 |    15 |       ||    28
 Stab: Sleeping          |    10 |    17 |    51 |     8 |    19 |       ||   105
       Distracted        |       |       |     4 |     1 |     2 |       ||     7
       Confused          |       |       |       |     6 |     6 |       ||    12
       Petrified         |       |       |       |       |    23 |       ||    23
       Petrifying        |       |       |       |       |     3 |       ||     3
Armor: Leather armour    |    34 |    75 |    85 |       |       |       ||   194
       Acid dragon scale |       |       |       |   124 |    58 |       ||   182
       Steam dragon scal |       |       |       |       |   119 |       ||   119
       Skin              |       |       |       |       |    23 |       ||    23
       Robe              |       |       |       |       |    95 |     8 ||   103
Dodge: Dodged            |    87 |   227 |   227 |   354 |   969 |    51 ||  1915
Block: Other             |       |    32 |    35 |       |    21 |       ||    88
       Kite shield       |       |       |   212 |    55 |       |       ||   267
       Buckler           |       |       |       |   440 |   952 |    34 ||  1426
       Reflection        |       |       |       |     6 |    26 |       ||    32

Table legend: (Time is in decaauts)
 A = Elapsed time spent in this place.
 B = Non-inter-level travel time spent in this place.
 C = Inter-level travel time spent in this place.
 D = Time resting spent in this place.
 E = Time spent auto-exploring this place.
 F = Levels seen in this place.
 G = Mean time per level.
                   A        B        C        D        E       F      G
               +--------+--------+--------+--------+--------+-----+--------+
         Total |  27638 |  23102 |   4536 |    126 |  16645 |  28 |  987.1 |
       Dungeon |  14272 |  10729 |   3543 |     56 |   7598 |  12 | 1189.3 |
        Temple |    202 |    173 |     29 |      0 |    153 |   1 |  202.0 |
          Lair |   7246 |   6555 |    691 |      0 |   5185 |   5 | 1449.2 |
         Swamp |     47 |     47 |      0 |      0 |      6 |   1 |   47.0 |
   Spider Nest |   1516 |   1486 |     30 |      0 |   1168 |   2 |  758.0 |
  Orcish Mines |   2799 |   2561 |    238 |     70 |   1779 |   2 | 1399.5 |
   Elven Halls |     27 |     27 |      0 |      0 |      0 |   1 |   27.0 |
         Sewer |    370 |    370 |      0 |      0 |    112 |   1 |  370.0 |
       Ossuary |    333 |    333 |      0 |      0 |    135 |   1 |  333.0 |
        Bailey |    337 |    337 |      0 |      0 |    209 |   1 |  337.0 |
       Volcano |    486 |    486 |      0 |      0 |    300 |   1 |  486.0 |
               +--------+--------+--------+--------+--------+-----+--------+

Top non-repeatable levels by time:
  Lair:5: 2134 daAuts
    D:11: 1922 daAuts
     D:2: 1728 daAuts
   Orc:2: 1686 daAuts
     D:3: 1512 daAuts
  Lair:3: 1496 daAuts
Spider:1: 1474 daAuts
  Lair:4: 1342 daAuts
  Lair:2: 1172 daAuts
     D:4: 1159 daAuts
     D:9: 1158 daAuts
   Orc:1: 1112 daAuts
  Lair:1: 1101 daAuts
    D:12: 1065 daAuts
     D:6: 1048 daAuts
